AoeStats
← Soaking Dill

Lombardia

509971004Analyzed
4v4 RM · 3d ago on Sep 28, 2026· 47m 10s· 8 players
Game mode
Random Map
Map size
Large (8 player)
Population
200
Speed
Normal
Resources
Standard
Victory
Conquest
Starting age
Dark Age
Ending age
Imperial Age
RankedLock teamsTeams togetherTeam positionsShared explorationLock speedFull tech treeHidden civsTurbo modeCheats
Victory
Defeat
🇵🇪 Bohemians · Peru
1356
+9
1299
+12
🇻🇪 Italians · Venezuela
1239
+14
🇦🇷 Persians · Argentina
1174
+16
🇦🇷 Persians · Argentina
1221
-14
🇺🇸 Britons · United States
1212
-13
🇧🇷 Koreans · Brazil
1180
-12
🇵🇱 Burgundians · Poland
1171
-12
Soaking Dill
7:12 Loom
10:44 Feudal Age
15:22 Castle Age
14:11 Double-Bit Axe
16:35 Bow Saw
16:45 Crossbowman
21:02 Fletching
23:35 Padded Archer Armor
24:09 Horse Collar
25:43 Ballistics
26:35 Bodkin Arrow
29:38 Gold Mining
29:49 Town Watch
31:10 Town Patrol
31:55 Wheelbarrow
32:33 Heavy Plow
36:57 Imperial Age
34:56 Leather Archer Armor
35:47 Hand Cart
36:00 Pikeman
36:41 Squires
36:43 Scale Mail Armor
37:33 Arbalester
38:35 Conscription
37:54 Halberdier
39:02 Bracer
40:21 Yeomen
41:17 Chain Mail Armor
43:15 Gold Shaft Mining
43:37 Plate Mail Armor
44:25 Chemistry
Funeato
11:47 Feudal Age
14:54 Double-Bit Axe
17:15 Castle Age
15:47 Horse Collar
18:51 Wheelbarrow
19:10 Loom
22:13 Heavy Plow
22:02 Town Watch
23:40 Hand Cart
24:37 Town Patrol
25:11 Bow Saw
31:47 Imperial Age
29:12 Gold Mining
29:19 Stone Mining
31:14 Forging
31:09 Scale Barding Armor
33:01 Iron Casting
32:53 Conscription
32:41 Husbandry
32:51 Bloodlines
32:21 Cavalier
34:29 Stone Shaft Mining
34:29 Gold Shaft Mining
34:24 Chain Barding Armor
35:05 Blast Furnace
35:34 Chemistry
34:32 Savar
37:56 Plate Barding Armor
38:47 Fletching
40:59 Herbal Medicine
41:45 Hoardings
jkeR.!
10:52 Feudal Age
15:25 Castle Age
13:18 Double-Bit Axe
13:14 Horse Collar
22:47 Stone Mining
22:48 Gold Mining
23:00 Heavy Plow
23:16 Bow Saw
24:46 Wheelbarrow
25:29 Loom
25:17 Cavalier
25:57 Husbandry
27:37 Hand Cart
30:10 Imperial Age
29:39 Scale Barding Armor
29:45 Forging
31:21 Gold Shaft Mining
31:50 Two-Man Saw
31:24 Chain Barding Armor
31:28 Paladin
34:35 Conscription
34:25 Burgundian Vineyards
34:40 Man-at-Arms
36:16 Crop Rotation
36:23 Stone Shaft Mining
37:10 Iron Casting
37:11 Plate Barding Armor
36:41 Long Swordsman
38:39 Chemistry
38:01 Ballistics
37:23 Treadmill Crane
38:41 Two-Handed Swordsman
41:00 Blast Furnace
40:01 Scale Mail Armor
39:49 Champion
45:22 Caravan
45:53 Coinage
Chaves
10:59 Feudal Age
9:38 Loom
12:02 Double-Bit Axe
11:59 Horse Collar
16:57 Town Watch
20:51 Castle Age
20:57 Stone Mining
21:03 Fletching
21:22 Gold Mining
22:01 Heavy Plow
22:15 Caravan
27:08 Stone Shaft Mining
27:16 Gold Shaft Mining
28:38 Wheelbarrow
28:37 Bow Saw
29:58 Hand Cart
29:35 Pikeman
34:40 Imperial Age
32:32 Ballistics
35:00 Fortified Wall
34:47 Murder Holes
35:04 Masonry
34:46 Halberdier
35:28 Squires
35:34 Scale Mail Armor
35:45 Forging
37:05 Chemistry
35:51 Arrowslits
36:35 Chain Mail Armor
36:16 Bodkin Arrow
36:18 Arson
36:52 Elite War Wagon
37:46 Scale Barding Armor
37:37 Bodkin Arrow
38:19 Iron Casting
39:03 Eupseong
38:52 Elite Fire Lancer
44:37 Plate Mail Armor
47:08 Bracer
JAGR fran
9:42 Feudal Age
14:55 Castle Age
13:36 Double-Bit Axe
19:55 Horse Collar
20:26 Loom
22:00 Bow Saw
23:03 Heavy Plow
29:32 Imperial Age
27:43 Wheelbarrow
26:53 Loom
29:30 Ballistics
29:26 Forging
29:21 Scale Barding Armor
29:49 Stone Mining
30:26 Bloodlines
30:09 Fletching
31:43 Two-Man Saw
30:27 Cavalier
31:07 Husbandry
32:38 Crop Rotation
33:19 Iron Casting
33:27 Chain Barding Armor
33:04 Bodkin Arrow
34:26 Savar
37:25 Caravan
37:55 Coinage
38:47 Conscription
39:52 Chemistry
39:38 Plate Barding Armor
41:29 Blast Furnace
42:02 Padded Archer Armor
43:14 Banking
45:51 Leather Archer Armor
45:57 Hand Cart
45:27 Town Watch
JAGR | Rojnar
7:40 Loom
10:08 Feudal Age
14:06 Castle Age
12:03 Double-Bit Axe
13:08 Horse Collar
15:20 Bow Saw
22:40 Wheelbarrow
22:31 Fervor
23:04 Heavy Plow
28:43 Imperial Age
27:25 Hand Cart
27:00 Town Watch
28:28 Chemistry
28:40 Scale Mail Armor
28:50 Forging
29:37 Chain Mail Armor
29:24 Pikeman
31:00 Iron Casting
31:07 Halberdier
32:53 Plate Mail Armor
33:23 Blast Furnace
32:56 Masonry
32:56 Fortified Wall
34:14 Architecture
34:25 Ballistics
35:22 Conscription
35:10 Wagenburg Tactics
36:01 Fletching
36:16 Houfnice
37:01 Bodkin Arrow
37:09 Caravan
38:38 Two-Man Saw
38:14 Squires
38:00 Arson
39:56 Murder Holes
40:09 Bracer
41:11 Coinage
40:52 Guilds
41:54 Town Patrol
JAGR | GoodByeWorld
7:58 Loom
10:43 Feudal Age
15:45 Castle Age
14:21 Double-Bit Axe
20:15 Horse Collar
21:58 Bow Saw
25:35 Wheelbarrow
24:46 Town Watch
26:33 Heavy Plow
27:14 Hand Cart
26:59 Stone Mining
27:01 Gold Mining
31:57 Imperial Age
30:40 Fletching
30:51 Padded Archer Armor
31:17 Ballistics
31:36 Bodkin Arrow
32:48 Bracer
35:02 Chemistry
34:48 Stone Shaft Mining
34:46 Leather Archer Armor
35:04 Thumb Ring
37:09 Ring Archer Armor
38:25 Elite Genoese Crossbowman
40:59 Murder Holes
42:25 Conscription
42:35 Silk Road
46:46 Hoardings
JAGR | TheButterfly_Effect
11:08 Feudal Age
14:56 Castle Age
13:23 Double-Bit Axe
13:36 Horse Collar
14:36 Bloodlines
16:21 Loom
18:00 Scale Barding Armor
24:06 Wheelbarrow
25:06 Town Watch
27:36 Scale Barding Armor
30:03 Imperial Age
29:24 Chain Barding Armor
29:37 Bow Saw
30:22 Husbandry
31:54 Plate Barding Armor
30:54 Cavalier
32:12 Gold Mining
32:40 Hand Cart
33:11 Forging
34:59 Iron Casting
36:58 Caravan
38:15 Stone Mining
40:33 Scale Mail Armor
40:35 Squires
42:06 Chain Mail Armor
41:12 Elite Varangian Guard
43:49 Blast Furnace
43:36 Conscription
45:28 Heavy Plow
46:29 Two-Man Saw
46:02 Fletching
Connection lost

Rejoining the realm…

Still unreachable

The connection could not be restored.

Session expired

The server has moved on; the page needs a fresh start.